 Dungeon Crawl Stone Soup version 0.29-a0-802-g34511f41fd (webtiles) character file.

Game seed: 13857770709976378960

0 gobodom the Sneak (level 1, -9/11 HPs)
             Began as a Spriggan Delver on July 4, 2022.
             Mangled by Edmund
             ... wielding a +3 flail of protection
              (10 damage)
             ... on level 5 of the Dungeon.
             The game lasted 00:01:38 (152 turns).

gobodom the Sneak (Spriggan Delver)                  Turns: 152, Time: 00:01:38

Health: -9/11      AC:  2    Str:  8    XL:     1   Next: 8%
Magic:  2/2        EV: 17    Int: 11    God:
Gold:   15         SH:  0    Dex: 16    Spells: 0/0 levels left

rFire   . . .      SeeInvis +   j - +2 dagger (venom)
rCold   . . .      Faith    .   (no shield)
rNeg    . . .      Spirit   .   b - +0 robe
rPois   .          Reflect  .   (helmet restricted)
rElec   .          Harm     .   (no cloak)
rCorr   .          Rampage  .   (gloves unavailable)
Will    .....                   (boots unavailable)
Stlth   ++++......              (no amulet)
HPRegen 0.03/turn               (no ring)
MPRegen 0.08/turn               (no ring)

@: very quick
A: very small, no large weapons, unfitting armour, see invisible, speed 3
a: no special abilities


You were on level 5 of the Dungeon.
You visited 1 branch of the dungeon, and saw 1 of its levels.

You collected 15 gold pieces.

Inventory:

Hand Weapons
 a - a +0 short sword
 j - a +2 dagger of venom (weapon)
Armour
 b - a +0 robe (worn)
Wands
 g - a wand of digging (1)
Scrolls
 c - a scroll of fog
 e - 2 scrolls of fear
Potions
 f - a potion of haste
 h - a potion of curing {unknown}
 i - a potion of heal wounds {unknown}


   Skills:
 + Level 2.4 Fighting
 + Level 2.1 Short Blades
 + Level 2.6 Dodging
 + Level 7.2 Stealth


You couldn't memorise any spells.
You didn't know any spells.
Your spell library was empty.

Dungeon Overview and Level Annotations

Branches:
Dungeon (5/15)
 Temple: D:4-7

Altars:
Wu Jian

Portals:
Ossuary: D:5

Annotations:
D:5 Dowan, Duvessa, Edmund


Innate Abilities, Weirdness & Mutations

You are very small and have problems with some larger weapons.
You are too small for most types of armour.
You have supernaturally acute eyesight. (SInv)
You cover ground extremely quickly. (Speed+++)


Message History

You kill the frilled lizard!
You see here a frilled lizard corpse.
Duvessa gestures with her weapon.
You enter the shallow water.
Moving in this stuff is going to be slow.
Aiming: Dig
Press: ? - help, Q - select action, (/) - cycle Shift-Dir - straight line You can't see that place. [a rock wall.]
The rock shatters into small pieces.
Found a stone staircase leading down.
A howler monkey comes into view.
The howler monkey howls!
Found a ring mail.
Found 15 gold pieces.
You now have 15 gold pieces.
There are no items here.
Edmund the Younger comes into view.
He is wielding a +3 flail of protection.
Found a sand-covered staircase.
The helpless Edmund fails to defend himself.
You impale Edmund!!
Edmund looks as sick as possible!
Edmund is heavily wounded.
Edmund closely misses you.
You hit Edmund.
Edmund looks as sick as possible!
Edmund is severely wounded.
Edmund hits you with a +3 flail of protection!
Ouch! That really hurt!
You hit Edmund but do no damage.
Edmund looks as sick as possible!
Edmund is severely wounded.
Edmund misses you.
You hit Edmund but do no damage.
Edmund looks as sick as possible!
Edmund is severely wounded.
Edmund hits you with a +3 flail of protection.
* * * LOW HITPOINT WARNING * * *
You hit Edmund but do no damage.
Edmund looks as sick as possible!
Edmund is almost dead.
Edmund says, "You wouldn't believe how much I paid for this flail."
Edmund hits you with a +3 flail of protection!
Ouch! That really hurt!
You die...

#.....h.....#c#
*.#**,,≈,,≈≈≈≈*
##h#####.##>..#
*..,*******≈≈,* #.#
*,#*.###**,*,,,,,,,*,≈≈* #.#
*,**,,,,,,,*********≈,,* #.#
*,#..,,,,,,,**,≈≈,≈≈≈,,*
#.#####[#.#######,***,,≈,≈,,**
#.......#.#..∩..#,* **≈≈≈≈,**
###.###.#.#..@..#,* *******
#c##.#..#,#@#,*,* *,*
######.#.###.#,#.#,*,* *,*
#.......###..###.###.# *,*
#......#.##c.........# *,*
#..######.#.#.####..## *,* **
#.,* ##.##.#***.## *,* *, #,,*
####..,,,,# *,* *, *,,*
###.**** *,* *, *,,* *.#
*,****,


You could see Edmund (extremely poisoned).

Vanquished Creatures
  A frilled lizard (D:5)
1 creature vanquished.

Vanquished Creatures (others)
  6 fungi (D:5)
6 creatures vanquished.

Grand Total: 7 creatures vanquished

Notes
Turn   | Place    | Note
-------+----------+-------------------------------------------
     0 | D:5      | gobodom the Spriggan Delver began the quest for the Orb.
     0 | D:5      | Reached XP level 1. HP: 11/11 MP: 2/2
    27 | D:5      | Found an ornate altar of the Wu Jian Council.
    45 | D:5      | Noticed Dowan
    46 | D:5      | Noticed Duvessa
    65 | D:5      | Noticed a centaur
   117 | D:5      | Noticed a howler monkey
   143 | D:5      | Found a sand-covered staircase.
   143 | D:5      | Noticed Edmund
   152 | D:5      | Mangled by Edmund

Illustrated notes

Levels and vault maps discovered:
D:5:      layout_loops_ring, mainiacjoe_overflow_cross_hatched,
          nicolae_wu_jian_immortal_techniques, serial_aquarium,
          aquarium_bridge_square [aquarium_subvault_wall,
          aquarium_subvault_bridge, aquarium_subvault_window,
          aquarium_subvault_wall], aquarium_window_corridor_2,
          aquarium_window_2, aquarium_window_2, aquarium_view_2c,
          enter_ossuary_4, chequers_serial_rivers_large_b, uniq_duvessa,
          uniq_edmund, uniq_blork_the_orc

Action                   || total
-------------------------++-------
Melee: Dagger            ||     6
Evoke: Wand              ||     2
  Use: Scroll            ||     1
 Stab: Sleeping          ||     1
Dodge: Dodged            ||     2

Table legend: (Time is in decaauts)
 A = Elapsed time spent in this place.
 B = Non-inter-level travel time spent in this place.
 C = Inter-level travel time spent in this place.
 D = Time resting spent in this place.
 E = Time spent auto-exploring this place.
 F = Levels seen in this place.
 G = Mean time per level.
                   A        B        C        D        E       F      G
               +--------+--------+--------+--------+--------+-----+--------+
         Total |     96 |     96 |      0 |      0 |     11 |   1 |   96.0 |
       Dungeon |     96 |     96 |      0 |      0 |     11 |   1 |   96.0 |
               +--------+--------+--------+--------+--------+-----+--------+

Top non-repeatable levels by time:
     D:5: 96 daAuts
